 Dungeon Crawl Stone Soup version 0.28-a0-1235-g7c8fac35f0 (webtiles) character file.

Game seed: 5782736715562649775

3658 Zonian the Fighter (level 9, -1/81 HPs)
             Began as a Yellow Draconian Transmuter on Dec 25, 2021.
             Was a Follower of Lugonu.
             Slain by a gargoyle (20 damage)
             ... on level 8 of the Dungeon.
             The game lasted 00:20:22 (11938 turns).

Zonian the Fighter (Yellow Draconian Transmuter)   Turns: 11938, Time: 00:20:22

Health: -1/81      AC:  7    Str: 12    XL:     9   Next: 88%
Magic:  12/13      EV: 15    Int: 19    God:    Lugonu [*.....]
Gold:   182        SH:  0    Dex: 14    Spells: 10/13 levels left

rFire   x . .      SeeInvis .   o - +8 falchion of Sycweitrem {venom, rN+}
rCold   + . .      Faith    .   (no shield)
rNeg    + . .      Spirit   .   (armour unavailable)
rPois   +          Reflect  .   (helmet currently unavailable)
rElec   .          Harm     .   (no cloak)
rCorr   +          Rampage  .   (no gloves)
Will    +....                   (boots currently unavailable)
Stlth   +.........              y - amulet of regeneration
HPRegen 1.03/turn               f - ring of ice
MPRegen 0.13/turn               p - ring of Scepticism {rPois Will+ Int+3}

@: short of breath, appendages
A: horns 2, talons 2, spit acid, AC +7, unfitting armour, cold-blooded, acid
resistance
a: Breathe Acid, End Transformation, Renounce Religion, Depart the Abyss


You were on level 8 of the Dungeon.
You worshipped Lugonu.
Lugonu was aware of your devotion.
You had temporarily grown beastly horns and talons.
You visited 2 branches of the dungeon, and saw 9 of its levels.
You also visited: Sewer.

You collected 322 gold pieces.
You spent 140 gold pieces at shops.

Inventory:

Hand Weapons
 b - a +0 dagger of venom
 e - a +0 halberd
 h - a +1 dagger of venom
 o - the +8 falchion of Sycweitrem (weapon) {venom, rN+}
   (You found it on level 4 of the Dungeon)

   It poisons the flesh of those it strikes.
   rN:        It protects you from negative energy.
 s - the +4 scimitar "Globulus" {vorpal, Dex+3}
   (You found it in a sewer)

   It inflicts extra damage upon your enemies.
   Dex:       It affects your dexterity (+3).
Missiles
 g - 105 sling bullets
 m - 8 boomerangs
 x - 5 atropa-tipped darts
Magical Staves
 q - a staff of death
Jewellery
 f - a ring of ice (left hand)
 p - the ring of Scepticism (right hand) {rPois Will+ Int+3}
   (You bought it in a shop on level 1 of the Dungeon)

   [ring of poison resistance]

   Int:       It affects your intelligence (+3).
   rPois:     It protects you from poison.
   Will:      It increases your willpower.
 r - a ring of flight
 y - an amulet of regeneration (around neck)
Wands
 n - a wand of flame (14)
 z - a wand of iceblast (11)
Scrolls
 d - 2 scrolls of teleportation
 t - a scroll of blinking
 A - a scroll of amnesia
Potions
 a - 4 potions of curing
 c - 2 potions of might
 i - 3 potions of mutation
 j - 5 potions of attraction
 k - a potion of brilliance
 u - a potion of ambrosia {unknown}
 v - a potion of invisibility
 w - 2 potions of lignification {unknown}


   Skills:
 + Level 8.2 Fighting
 - Level 5.2(6.7) Short Blades
 + Level 6.5(7.3) Long Blades
 + Level 7.0 Dodging
 - Level 3.2 Unarmed Combat
 - Level 2.6 Spellcasting
 - Level 2.8 Transmutations
 + Level 2.5 Invocations


You had 10 spell levels left.
You knew the following spells:

 Your Spells              Type           Power      Damage    Failure   Level
a - Beastly Appendage     Tmut           26%        N/A       4%          1
b - Wereblood             Tmut           13%        N/A       8%          2

Your spell library contained the following spells:

 Spells                   Type           Power      Damage    Failure   Level
 Passwall                 Tmut/Erth      6%         N/A       13%         2
 Spider Form              Tmut/Pois      8%         N/A       26%         3
 Swiftness                Air            2%         N/A       43%         3
 Ice Form                 Ice/Tmut       12%        N/A       65%         4


Dungeon Overview and Level Annotations

Branches:
Dungeon (8/15)             Temple (1/1) D:6           Sewer (visited)
   Lair: D:8-11

Altars:
Ashenzari
Cheibriados
Elyvilon
Fedhas
Hepliaklqana
Kikubaaqudgha
Makhleb
Okawaru
Qazlal
Ru
Sif Muna
Trog
Vehumet
Xom
Zin
The Shining One
Lugonu

Shops:
D:1 *


Innate Abilities, Weirdness & Mutations

You have temporarily grown beastly horns and talons.
You can spit globs of acid.
Your golden yellow scales are hard. (AC +7)
You cannot fit into any form of body armour.
You are cold-blooded and may be slowed by cold attacks.
You are resistant to acid. (rCorr)


Message History

You completely miss the gargoyle.
The gargoyle is heavily damaged.
The gargoyle hits you with a +5 quarterstaff!!
You hit the gargoyle but do no damage.
The gargoyle is heavily damaged.
The gargoyle hurls a stone arrow at you.
The stone arrow hits you!!
You feel much better.
The gargoyle hits you with a +5 quarterstaff.
Unknown command.
You barely miss the gargoyle.
You tail-slap the gargoyle, but do no damage.
The gargoyle is heavily damaged.
The gargoyle hurls a stone arrow at you.
The stone arrow misses you.
You hit the gargoyle.
Your tail-slap misses the gargoyle.
The gargoyle is heavily damaged.
Casting: Beastly Appendage (safe; 4% risk of failure)
Confirm with . or Enter, or press ? or * to list all spells.
You grow a pair of large bovine horns.
Your feet morph into talons.
The gargoyle hits you with a +5 quarterstaff!
Unknown command.
You hit the gargoyle but do no damage.
You claw the gargoyle, but do no damage.
You headbutt the gargoyle, but do no damage.
The gargoyle is heavily damaged.
The gargoyle closely misses you.
You hit the gargoyle. You headbutt the gargoyle.
The gargoyle is severely damaged.
The gargoyle hurls a stone arrow at you.
The stone arrow hits you!
You barely miss the gargoyle.
Your tail-slap misses the gargoyle.
The gargoyle is severely damaged.
The gargoyle hurls a stone arrow at you.
The stone arrow hits you!!
* * * LOW HITPOINT WARNING * * *
You hit the gargoyle.
The gargoyle is almost destroyed.
The gargoyle hits you with a +5 quarterstaff!!
You die...

#<#.# ### #......#
######.######.#. .#####......####
........>.....#._.#..............
....##.#.##...#...######.....####
..........#####...#####..........
.......####...........#.####..###
....#### #._..§#.§.8.#.# #.....
##### #...§§9§§...#.# #...##
#§@§#####.# #...#
#§§§#.#.#.####....
#§§§#............
#§§§#.#.#.#######
#§§§#.#..........
#§§§###.#.#######
##§§§##..#.#######
#§§§§.#.........<#
#..§..####.#######


You could see a gargoyle.

Vanquished Creatures
  Pikel (D:5)
  A shadow (D:6)
  Eustachio (D:6)
  Edmund (D:5)
  Menkaure (D:5)
  A water moccasin (D:7)
  Duvessa (D:6)
  A black bear (D:7)
  A necrophage (D:6)
  An ice beast (D:7)
  2 ogres
  3 sky beasts
  A centaur (D:7)
  2 lemures (D:5)
  A kobold brigand (D:6)
  A phantom (D:5)
  3 bullfrogs
  2 scorpions (D:6)
  Dowan (D:6)
  A water moccasin skeleton (D:4)
  3 wights (D:6)
  A howler monkey (D:5)
  A bullfrog zombie (D:5)
  4 hounds
  A jelly (D:7)
  A gnoll shaman (D:7)
  3 orc priests
  2 centaur skeletons (D:7)
  2 bullfrog skeletons
  3 iguanas
  2 orc wizards (D:5)
  A killer bee zombie (D:6)
  A howler monkey zombie (D:7)
  16 adders
  7 gnolls
  A river rat (D:5)
  A shadow imp (D:5)
  A white imp (D:4)
  An ufetubus (D:6)
  8 worms
  22 orcs
  20 endoplasms
  8 giant cockroaches
  12 goblins
  12 hobgoblins
  10 kobolds
  16 quokkas
  6 ball pythons
  4 bats
  10 frilled lizards
  6 rats
213 creatures vanquished.

Vanquished Creatures (others)
  A butterfly (D:4)
1 creature vanquished.

Grand Total: 214 creatures vanquished

Notes
Turn   | Place    | Note
-------+----------+-------------------------------------------
     0 | D:1      | Zonian the Draconian Transmuter began the quest for the
                  | Orb.
     0 | D:1      | Reached XP level 1. HP: 16/16 MP: 3/3
     1 | D:1      | Noticed an electric eel
   314 | D:1      | Reached XP level 2. HP: 19/23 MP: 3/5
   451 | D:1      | Found Pyeha's Assorted Antiques.
   886 | D:1      | Reached XP level 3. HP: 29/29 MP: 3/6
  1588 | D:2      | Reached skill level 2 in Fighting
  2034 | D:2      | Learned a level 2 spell: Wereblood
  2603 | D:2      | Reached XP level 4. HP: 36/36 MP: 5/7
  3201 | D:3      | Reached skill level 1 in Short Blades
  3813 | D:3      | Reached XP level 5. HP: 37/42 MP: 4/9
  4687 | D:4      | Reached skill level 3 in Fighting
  4691 | D:4      | Noticed an ogre
  5055 | D:4      | Found a sacrificial altar of Ru.
  5255 | D:4      | Found a shimmering blue altar of Sif Muna.
  5372 | D:4      | Identified the +8 falchion of Sycweitrem {venom, rN+}
  5457 | D:3      | Reached XP level 6. HP: 48/51 MP: 10/10
  5708 | D:4      | Found a white marble altar of Elyvilon.
  5982 | D:5      | Entered Level 5 of the Dungeon
  5982 | D:5      | Noticed Menkaure
  6012 | D:4      | Reached skill level 1 in Long Blades
  6146 | D:4      | Reached skill level 4 in Fighting
  6285 | D:5      | Noticed Edmund
  6553 | D:5      | Your scales start taking on a golden yellow colour.
  6553 | D:5      | Reached XP level 7. HP: 55/59 MP: 11/11
  6553 | D:5      | Gained mutation: You are resistant to acid. (rCorr) [Yellow
                  | Draconian growth]
  6609 | D:5      | Found a glowing drain.
  6617 | Sewer    | Entered a sewer
  7105 | Sewer    | Identified the +4 scimitar "Globulus" {vorpal, Dex+3}
  7575 | D:5      | Reached skill level 5 in Fighting
  7817 | D:5      | Killed Edmund
  7818 | D:5      | Reached XP level 8. HP: 45/68 MP: 12/12
  8048 | D:5      | Noticed Pikel
  8078 | D:5      | Killed Pikel
  8079 | D:5      | Reached skill level 6 in Fighting
  8079 | D:5      | Reached skill level 5 in Short Blades
  8079 | D:5      | Reached skill level 5 in Dodging
  8440 | D:5      | Killed Menkaure
  8623 | D:5      | Found a broken altar of Ashenzari.
  9059 | D:6      | Reached XP level 9. HP: 74/78 MP: 11/13
  9348 | D:6      | Noticed Eustachio
  9354 | D:6      | Killed Eustachio
  9355 | D:6      | Reached skill level 5 in Long Blades
  9373 | D:6      | Reached skill level 7 in Fighting
 10061 | D:1      | Bought a heavily runed amber ring for 140 gold pieces
 10061 | D:1      | Identified the ring of Scepticism {rPois Will+ Int+3} (You
                  | bought it in a shop on level 1 of the Dungeon)
 10432 | D:6      | Noticed Duvessa
 10433 | D:6      | Found a staircase to the Ecumenical Temple.
 10434 | D:6      | Noticed Dowan
 10438 | D:6      | Killed Duvessa
 10442 | D:6      | Killed Dowan
 10455 | Temple   | Entered the Ecumenical Temple
 10576 | Temple   | Became a worshipper of Lugonu the Unformed
 10576 | Temple   | Reached * piety under Lugonu
 10779 | D:7      | Reached skill level 1 in Invocations
 11090 | D:7      | Reached skill level 8 in Fighting
 11924 | D:8      | Found a faded altar of an unknown god.
 11924 | D:8      | Noticed a gargoyle
 11925 | D:8      | Found a hazy altar of Hepliaklqana.
 11938 | D:8      | Slain by a gargoyle

Illustrated notes

Levels and vault maps discovered:
D:1:      arrival_aquarium_a, layout_loops_ring, serial_shops, shop
D:2:      layout_basic, grunt_decor_cap
D:3:      layout_loops_corners
D:4:      layout_gridville, mainiacjoe_overflow_catwalk,
          nicolae_elyvilon_peaceful_grove, lemuel_tele_altar,
          minmay_misc_feat_ornament
D:5:      layout_rooms, nicolae_ashenzari_panopticon, lightli_sewer_entry_pipes,
          roderic_filled_cross, uniq_edmund, uniq_menkaure, uniq_pikel
D:6:      layout_basic, minmay_temple_entry_nine_rooms, uniq_duvessa,
          uniq_eustachio
D:7:      layout_basic, kennysheep_generic_room_11
D:8:      layout_basic, nemelex_spade_bored_becter,
          beargit_hepliaklqana_dungeon_heroes, enter_ossuary_4, dk_vineyard_1,
          uniq_erica
Temple:   kb_corrupted_temple

Skill      XL: |  1  2  3  4  5  6  7  8  9 |
---------------+----------------------------+-----
Dodging        | 2 3 4 5 7 |  7.0
Fighting       | 2 3 4 5 6 8 |  8.2
Short Blades   | 1 2 3 4 5 |  5.2
Long Blades    | 1 3 4 6 |  6.5
Invocations    | 2 |  2.5
Unarmed Combat | |  3.2
Spellcasting   | |  2.6
Transmutations | |  2.8

Action                   |  1- 3 |  4- 6 |  7- 9 || total
-------------------------+-------+-------+-------++-------
Melee: Unarmed           |     7 |       |       ||     7
       Dagger            |    94 |   119 |       ||   213
       Kick              |    13 |    15 |    22 ||    50
       Tailslap          |    13 |    15 |    34 ||    62
       Headbutt          |     8 |     4 |    13 ||    25
       Punch             |     2 |     2 |     1 ||     5
       Falchion          |       |    32 |   350 ||   382
 Cast: Beastly Appendage |    22 |    13 |    16 ||    51
       Wereblood         |       |     1 |     4 ||     5
 Abil: Breathe Acid      |       |       |     2 ||     2
Evoke: Wand              |       |       |     3 ||     3
  Use: Scroll            |       |     9 |     6 ||    15
       Potion            |       |       |     1 ||     1
 Stab: Sleeping          |     3 |     1 |     3 ||     7
Armor: Skin              |    27 |    39 |    97 ||   163
Dodge: Dodged            |    64 |    94 |   228 ||   386

Table legend: (Time is in decaauts)
 A = Elapsed time spent in this place.
 B = Non-inter-level travel time spent in this place.
 C = Inter-level travel time spent in this place.
 D = Time resting spent in this place.
 E = Time spent auto-exploring this place.
 F = Levels seen in this place.
 G = Mean time per level.
                   A        B        C        D        E       F      G
               +--------+--------+--------+--------+--------+-----+--------+
         Total |  12080 |  11476 |    604 |   3717 |   5412 |  10 | 1208.0 |
       Dungeon |  11076 |  10488 |    588 |   3218 |   5311 |   8 | 1384.5 |
        Temple |    137 |    121 |     16 |      0 |    101 |   1 |  137.0 |
         Sewer |    865 |    865 |      0 |    499 |      0 |   1 |  865.0 |
               +--------+--------+--------+--------+--------+-----+--------+

Top non-repeatable levels by time:
     D:2: 1871 daAuts
     D:5: 1781 daAuts
     D:3: 1762 daAuts
     D:4: 1722 daAuts
     D:6: 1377 daAuts
     D:1: 1356 daAuts
     D:7: 969 daAuts
   Sewer: 865 daAuts
     D:8: 235 daAuts
  Temple: 137 daAuts
